 Dungeon Crawl Stone Soup version 0.30-a0-777-ga9a30cbeda (webtiles) character file.

Game seed: 4115047375751580087

53148 Stoves66 the Spry (level 14, -6/106 HPs)
             Began as a Merfolk Gladiator on Feb 13, 2023.
             Was a High Priest of Hepliaklqana.
             Mangled by a dream sheep (27 damage)
             ... on level 5 of the Lair of Beasts.
             The game lasted 00:34:18 (15700 turns).

Stoves66 the Spry (Merfolk Gladiator)              Turns: 15700, Time: 00:34:19

Health: -6/106     AC: 10    Str: 15    XL:     14   Next: 67%
Magic:  14/14      EV:  2    Int:  7    God:    Hepliaklqana [*****.]
Gold:   1331       SH:  0    Dex: 20    Spells: 13/13 levels left

rFire   + . .      SeeInvis .    a - +6 rapier (flame)
rCold   . . .      Faith    .    y - +0 kite shield
rNeg    + . .      Spirit   .    I - +2 leather armour {rF+}
rPois   .          Reflect  .    c - +2 helmet
rElec   .          Harm     .    (no cloak)
rCorr   .          Rampage  .    K - +0 pair of gloves
Will    +....                    A - +0 pair of boots
Stlth   ++++++                   i - amulet of regeneration
HPRegen 1.17/turn                h - ring of positive energy
MPRegen 0.14/turn                (no ring)

@: about to teleport, sleeping
A: reduced essence, (nimble swimmer 2), mertail
a: Renounce Religion, Recall Ancestor, Ancestor Identity, Transference, Idealise


You were on level 5 of the Lair of Beasts.
You worshipped Hepliaklqana.
Hepliaklqana was extremely pleased with you.
You visited 3 branches of the dungeon, and saw 19 of its levels.
You also visited: Volcano.

You collected 1331 gold pieces.

Inventory:

Hand Weapons
 a - a +6 rapier of flaming (weapon)
 x - a +1 scimitar of flaming
 O - a +0 quick blade of flaming
Missiles
 e - 5 javelins (quivered)
Armour
 b - a +0 buckler of cold resistance
 c - a +2 helmet (worn)
 y - a +0 kite shield (worn)
 A - a +0 pair of boots (worn)
 H - +0 acid dragon scales
 I - a +2 leather armour of fire resistance (worn)
 K - a +0 pair of gloves (worn)
 M - a +1 robe of cold resistance
 N - +0 fire dragon scales
Jewellery
 h - a ring of positive energy (left hand)
 i - an amulet of regeneration (around neck)
 J - a ring of ice
 R - an amulet of guardian spirit
Wands
 r - a wand of digging (14)
 w - a wand of light (1)
 z - a wand of flame (45)
 F - a wand of polymorph (4)
 T - a wand of paralysis (3)
Scrolls
 f - a scroll of silence
 l - 2 scrolls of fog
 m - 4 scrolls of teleportation
 n - 3 scrolls of magic mapping
 D - 8 scrolls of amnesia
 L - 6 scrolls of identify
Potions
 g - 6 potions of curing
 j - 4 potions of mutation
 k - 7 potions of heal wounds
 o - 3 potions of flight
 p - 7 potions of might
 q - 2 potions of cancellation
 s - 13 potions of degeneration
 t - 6 potions of attraction
 u - 3 potions of haste
 v - 3 potions of brilliance
 B - 3 potions of invisibility
 C - 4 potions of resistance
 G - a potion of lignification
 P - a potion of ambrosia
 Q - 2 potions of berserk rage
Miscellaneous
 E - a condenser vane


   Skills:
 + Level 13.5 Fighting
 + Level 14.9 Short Blades
 - Level 2.2 Throwing
 + Level 16.1 Dodging
 + Level 14.4 Stealth
 - Level 7.5 Shields


You had 13 spell levels left.
You didn't know any spells.
Your spell library contained the following spells:

 Spells                   Type           Power      Damage    Failure   Level
 Beastly Appendage        Tmut           0%         N/A       83%         1
 Kiss of Death            Conj/Necr      0%         2d5       83%         1
 Shock                    Conj/Air       0%         1d3       83%         1
 Sting                    Tmut/Pois      0%         1d3       83%         1
 Cigotuvi's Dreadful Rot  Necr/Pois/Air  0%         N/A       92%         2
 Poisonous Vapours        Pois/Air       0%         N/A       92%         2
 Wereblood                Tmut           0%         N/A       92%         2
 Confusing Touch          Hex            0%         N/A       99%         3
 Hailstorm                Conj/Ice       0%         3d3       99%         3
 Kindle Blastsparks       Fire/Tloc/Air  0%         2d10      99%         3
 Mephitic Cloud           Conj/Pois/Air  0%         N/A       99%         3
 Spider Form              Tmut/Pois      0%         N/A       99%         3
 Swiftness                Air            0%         N/A       99%         3
 Airstrike                Air            0%         2d(0-16)  100%        4
 Dispel Undead            Necr           0%         3d6       100%        4
 Fulminant Prism          Conj/Hex       0%         3d5       100%        4
 Ice Form                 Ice/Tmut       0%         N/A       100%        4
 Iskenderun's Mystic Bla  Conj/Tloc      0%         2d3       100%        4
 Manifold Assault         Tloc           0%         N/A       100%        4
 Olgreb's Toxic Radiance  Pois           0%         N/A       100%        4
 Summon Lightning Spire   Summ/Air       0%         N/A       100%        4
 Lee's Rapid Deconstruct  Erth           0%         3d4*      100%        5
 Lightning Bolt           Conj/Air       0%         1d11      100%        5
 Dispersal                Tloc           0%         N/A       100%        6
 Simulacrum               Ice/Necr       0%         N/A       100%        6
 Disjunction              Tloc           0%         N/A       100%        8
 Chain Lightning          Conj/Air       0%         N/A       100%        9
 Fire Storm               Conj/Fire      0%         5d1       100%        9
 Shatter                  Erth           0%         3d5*      100%        9


Dungeon Overview and Level Annotations

Branches:
Dungeon (13/15) Temple (1/1) D:6 Lair (5/5) D:11 Swamp (0/4) Lair:2 Snake (0/4) Lair:3 Slime (0/5) Lair:4 Orc (0/2) D:10 Vaults (0/5) D:12 D:13 Volcano (visited)

Altars:
Ashenzari
Cheibriados
Dithmenos
Elyvilon
Fedhas
Gozag
Hepliaklqana
Kikubaaqudgha
Makhleb
Nemelex Xobeh
Okawaru
Qazlal
Ru
Sif Muna
Trog
Uskayaw
Vehumet
Wu Jian
Xom
Yredelemnul
Zin
The Shining One
Jiyva

Shops:
D:6 *

Portals:
Trove: D:10 (give 19 potions of curing)

Annotations:
D:3 2 transporters, sanka's ghost, amateur DgHu
D:13 Rupert
Lair:4 3 runed translucent doors, HoaS's ghost, journeyman DgHu


Innate Abilities, Weirdness & Mutations

Your life essence is reduced to manifest your ancestor. (-10% HP)
((You are very nimble when in or above water. (Stealth+, EV+, Speed+++)))
Your lower body shifts to a powerful aquatic tail in water.


Message History

* * * LOW HITPOINT WARNING * * *
You completely miss the dream sheep. The water moccasin misses you.
You block the cane toad's attack. x2; The dream sheep bites you!
* * * LOW HITPOINT WARNING * * *
The dream sheep bites the fungus!
The dream sheep bites the fungus.
The dream sheep is engulfed in poison gas.
The dream sheep looks even sicker.
The dream sheep bleats!
You puncture the dream sheep! You burn the dream sheep.
The dream sheep is heavily wounded.
You block the water moccasin's attack. You block the cane toad's attack.
A rime drake comes into view.
The cane toad stings you.
* * * LOW HITPOINT WARNING * * *
You are poisoned.
The cane toad poisons you!
You feel better. The water moccasin barely misses you.
The dream sheep is engulfed in poison gas.
The dream sheep is poisoned.
The dream sheep misses you.
The dream sheep is engulfed in poison gas.
The dream sheep looks even sicker.
The dream sheep bites the fungus!
The dream sheep is engulfed in poison gas.
The dream sheep is poisoned.
The dream sheep bites the fungus!
The dream sheep is engulfed in poison gas.
The dream sheep is poisoned.
The cane toad completely misses you. The cane toad closely misses you.
As you read the scroll of teleportation, it crumbles to dust.
You feel strangely unstable. The water moccasin closely misses you.
The rime drake is engulfed in poison gas.
The rime drake is poisoned.
A dream sheep comes into view.
The dream sheep is engulfed in poison gas.
The dream sheep looks as sick as possible!
The dream sheep completely misses you.
The dream sheep bites the fungus!
The dream sheep is engulfed in poison gas.
The dream sheep looks even sicker.
You are overwhelmed by glittering dream dust!
You feel drowsy...
You fall asleep.
The dream sheep bites you!!
You die...

§§§§# §P§§#
§§§. #☼§§§#
§§Y §§§§P §Y
§☼§####
Y##§§§§§§§
#§§§P§§§☼§
##YY§§§§☼§§
#P§@F§.§§§§
##YSF§§§§§#
#.☼§§§§§§§
§§§☼#§§§§§
§☼§§Y§§§§§§
§§§§Y§k§§§§§
§§§§PY§§☼.§§§
§#§§§§YY§☼§§§☼


You could see 2 cane toads, a rime drake (poisoned), a water moccasin and 11
dream sheep.

Vanquished Creatures
  Kirke (Lair:4)
  A stone giant (Volcano)
  Nessos (D:12)
  Snorg (D:11)
  4 hydras
  A ghost crab (Lair:2)
  Erolcha (D:10)
  A catoblepas (Lair:5)
  2 centaur warriors (D:13)
  Erica (D:11)
  4 boulder beetles
  5 death yaks (Lair:1)
  Urug (D:13)
  A spectral catoblepas (Lair:2)
  A spectral hydra (Lair:2)
  A cyclops (D:13)
  A deep elf pyromancer (D:11)
  An ugly thing (D:12)
  A manticore (D:13)
  An elephant (D:11)
  A black mamba (Lair:4)
  7 cane toads
  A molten gargoyle (Volcano)
  3 gargoyles
  4 torpor snails (Lair:1)
  An efreet (Volcano)
  An unseen horror (D:12)
  A rime drake (Lair:4)
  5 komodo dragons
  5 trolls
  A polar bear (Lair:4)
  A tyrant leech (Lair:5)
  22 blink frogs
  A dream sheep (Lair:5)
  A dream sheep (shapeshifter) (D:13)
  20 yaks
  A wraith (D:11)
  4 wyverns
  A shadow (D:11)
  A spectral komodo dragon (Lair:2)
  3 hogs (Lair:4)
  2 fire elementals (Volcano)
  10 humans
  Grum (D:11)
  7 fire bats (Volcano)
  Eustachio (D:6)
  2 basilisks
  4 vampire mosquitoes
  A naga (Lair:3)
  An acid dragon (D:12)
  5 water moccasins
  A sky beast (D:6)
  5 orc warriors
  A black bear (D:7)
  An ice beast (D:7)
  An ogre (D:4)
  4 centaurs
  2 wolves (D:11)
  A spectral basilisk (Lair:2)
  2 kobold brigands
  11 bullfrogs
  2 earth elementals (Volcano)
  A scorpion (D:5)
  A gnoll sergeant (D:8)
  9 wights
  A hexer (Lair:5)
  12 killer bees
  A howler monkey (D:6)
  4 lava snakes (Volcano)
  3 hounds
  A jelly (D:5)
  A gnoll bouda (D:8)
  4 orc priests
  2 iguanas
  13 orc wizards
  5 hell rats (Lair:2)
  7 gnolls (D:8)
  17 adders
  A shadow imp (D:5)
  2 white imps
  2 ufetubi
  3 dart slugs
  34 orcs
  3 ball pythons
  4 bats
  2 endoplasms
  10 giant cockroaches
  4 goblins
  4 hobgoblins
  2 jackals (D:3)
  13 kobolds
  5 quokkas
  4 frilled lizards
  6 rats
362 creatures vanquished.

Vanquished Creatures (collateral kills)
  Fannar (Lair:1)
  3 hydras
  A death yak (Lair:1)
  2 boulder beetles
  A deep elf pyromancer (D:13)
  A cyclops (D:12)
  A manticore (D:11)
  A rime drake (Lair:4)
  A polar bear (Lair:4)
  5 blink frogs
  A wyvern (D:11)
  A wraith (D:11)
  4 yaks
  3 humans (D:13)
  2 vampire mosquitoes (D:11)
  2 basilisks
  2 water moccasins
  An orc warrior (D:10)
  A black bear (D:11)
  A swamp drake (D:10)
  A bullfrog (Lair:5)
  5 wights (D:8)
  2 killer bees
  2 orc wizards (D:10)
  2 hell rats (Lair:2)
  2 gnolls (D:8)
  6 orcs
  3 kobolds
58 creatures vanquished.

Vanquished Creatures (others)
  A komodo dragon (Lair:2)
  8 hexers
  An ancestor (D:8)
  12 fungi
  43 plants
65 creatures vanquished.

Grand Total: 485 creatures vanquished

Notes
Turn   | Place    | Note
-------+----------+-------------------------------------------
     0 | D:1      | Stoves66 the Merfolk Gladiator began the quest for the Orb.
     0 | D:1      | Reached XP level 1. HP: 16/16 MP: 1/1
   348 | D:1      | Reached XP level 2. HP: 23/23 MP: 2/2
   709 | D:2      | Reached XP level 3. HP: 28/28 MP: 3/3
   774 | D:2      | Reached skill level 1 in Stealth
   979 | D:2      | Found a faded altar of an unknown god.
  1304 | D:2      | You fall into a shaft and drop 2 floors!
  1335 | D:4      | Reached XP level 4. HP: 31/34 MP: 4/4
  1621 | D:4      | Reached skill level 5 in Dodging
  1624 | D:4      | Reached XP level 5. HP: 40/41 MP: 5/5
  2004 | D:4      | Noticed an ogre
  2018 | D:4      | Killed an ogre
  2019 | D:4      | Reached skill level 5 in Short Blades
  2019 | D:4      | Reached XP level 6. HP: 21/48 MP: 6/6
  2170 | D:3      | Found a burning altar of Makhleb.
  2685 | D:3      | Found a transporter.
  2687 | D:3      | Noticed sanka's ghost (amateur DgHu)
  2688 | D:3      | Found a transporter.
  2688 | D:3      | Identified the +11 dire flail of the Skies Above {flame,
                  | Will- Int-3 Dex+8 Stlth+}
  3106 | D:5      | Entered Level 5 of the Dungeon
  3197 | D:5      | Found a basalt altar of Yredelemnul.
  3413 | D:5      | Reached skill level 6 in Dodging
  3413 | D:5      | Reached XP level 7. HP: 22/55 MP: 7/7
  3593 | D:5      | Found a broken altar of Ashenzari.
  3806 | D:6      | Found a staircase to the Ecumenical Temple.
  3819 | Temple   | Entered the Ecumenical Temple
  4013 | Temple   | Became a worshipper of Hepliaklqana the Forgotten
  4106 | D:6      | Found Zin's Purification Station.
  4109 | D:6      | Found a glowing silver altar of Zin.
  4129 | D:6      | Noticed Eustachio
  4167 | D:6      | Reached skill level 5 in Fighting
  4209 | D:6      | Killed Eustachio
  4210 | D:6      | Reached skill level 7 in Dodging
  4210 | D:6      | Reached skill level 5 in Stealth
  4210 | D:6      | Reached XP level 8. HP: 62/62 MP: 8/8
  4252 | D:6      | Found a shadowy altar of Dithmenos.
  4794 | D:7      | Found a bloodstained altar of Trog.
  4865 | D:7      | Reached * piety under Hepliaklqana
  5587 | D:7      | Reached skill level 8 in Dodging
  5907 | D:8      | Reached XP level 9. HP: 35/63 MP: 9/9
  5997 | D:8      | Reached skill level 9 in Dodging
  6085 | D:8      | Reached XP level 10. HP: 42/72 MP: 10/10
  6112 | D:8      | Reached skill level 10 in Dodging
  6583 | D:9      | Found a blossoming altar of Fedhas.
  6759 | D:9      | Reached ** piety under Hepliaklqana
  6760 | D:9      | Remembered your ancestor Takeo as a hexer
  6961 | D:9      | Reached skill level 1 in Shields
  7377 | D:10     | Entered Level 10 of the Dungeon
  7423 | D:10     | Reached skill level 10 in Short Blades
  7631 | D:10     | Found an opulent altar of Gozag.
  7631 | D:10     | Found a radiant altar of Vehumet.
  7632 | D:10     | Found a glowing golden altar of the Shining One.
  7633 | D:10     | Found a sparkling altar of Nemelex Xobeh.
  7689 | D:10     | Noticed Erolcha
  7694 | D:10     | Killed Erolcha
  7695 | D:10     | Reached skill level 11 in Dodging
  7758 | D:10     | Found a portal to a secret trove of treasure.
  7862 | D:10     | Found a staircase to the Orcish Mines.
  7931 | D:10     | Reached XP level 11. HP: 79/79 MP: 11/11
  8165 | D:11     | Noticed Erica
  8173 | D:11     | Killed Erica
  8187 | D:11     | Reached *** piety under Hepliaklqana
  8289 | D:11     | Found an opulent altar of Gozag.
  8298 | D:11     | Noticed Grum
  8309 | D:11     | Killed Grum
  8410 | D:11     | Noticed Snorg
  8412 | D:11     | Noticed a boulder beetle
  8427 | D:11     | Killed Snorg
  8428 | D:11     | Reached skill level 10 in Stealth
  8437 | D:11     | Killed a boulder beetle
  8557 | D:11     | Noticed a manticore
  8577 | D:11     | Killed a manticore
  8578 | D:11     | Reached skill level 12 in Dodging
  8688 | D:11     | Noticed a deep elf pyromancer
  8690 | D:11     | Found a staircase to the Lair.
  8727 | D:11     | Reached skill level 10 in Fighting
  8734 | D:11     | Killed a deep elf pyromancer
  9053 | D:12     | Noticed a red ugly thing
  9062 | D:12     | Reached skill level 5 in Shields
  9065 | D:12     | Killed a red ugly thing
  9075 | D:12     | Reached XP level 12. HP: 49/87 MP: 12/12
  9182 | D:12     | Noticed Nessos
  9192 | D:12     | Killed Nessos
  9879 | D:13     | Noticed Urug
  9879 | D:13     | Found a gate to the Vaults.
  9881 | D:13     | Noticed a centaur warrior
  9883 | D:13     | Noticed a centaur warrior
  9883 | D:13     | Noticed Rupert
  9888 | D:13     | Killed Urug
  9888 | D:13     | Killed a centaur warrior
  9890 | D:13     | Reached skill level 13 in Dodging
  9891 | D:13     | Killed a centaur warrior
 10328 | D:13     | Noticed a five-headed hydra
 10340 | D:13     | Killed a five-headed hydra
 10399 | D:13     | Reached **** piety under Hepliaklqana
 10408 | D:13     | Noticed a boulder beetle
 10429 | D:13     | Killed a boulder beetle
 10631 | Lair:1   | Entered Level 1 of the Lair of Beasts
 10790 | Lair:1   | Noticed a boulder beetle
 10795 | Lair:1   | Killed a boulder beetle
 10796 | Lair:1   | Reached XP level 13. HP: 95/95 MP: 13/13
 10906 | Lair:1   | Reached skill level 14 in Dodging
 11357 | Lair:1   | Noticed Fannar
 11373 | Lair:1   | Killed Fannar
 11439 | Lair:1   | Found a snail-covered altar of Cheibriados.
 11795 | Lair:2   | Found a staircase to the Swamp.
 11948 | Lair:2   | Found a dark tunnel.
 11953 | Volcano  | Entered a volcano
 12012 | Volcano  | Reached ***** piety under Hepliaklqana
 12099 | Volcano  | Found a bloodstained altar of Trog.
 12159 | Volcano  | Noticed a stone giant
 12164 | Volcano  | Killed a stone giant
 12456 | Lair:2   | Reached skill level 15 in Dodging
 12656 | Lair:2   | Reached XP level 14. HP: 64/102 MP: 14/14
 13434 | Lair:3   | Found a staircase to the Snake Pit.
 14305 | Lair:4   | Found a viscous altar of Jiyva.
 14306 | Lair:4   | Found a staircase to the Slime Pits.
 14486 | Lair:4   | Noticed Kirke
 14501 | Lair:4   | Noticed a sphinx
 14514 | Lair:4   | Killed Kirke
 15024 | Lair:4   | Found a runed translucent gate.
 15024 | Lair:4   | Found a runed translucent gate.
 15024 | Lair:4   | Found a runed translucent gate.
 15025 | Lair:4   | Noticed HoaS's ghost (journeyman DgHu)
 15632 | Lair:5   | Entered Level 5 of the Lair of Beasts
 15634 | Lair:5   | Reached skill level 16 in Dodging
 15675 | Lair:5   | HP: 3/106 [cane toad (18)]
 15682 | Lair:5   | HP: 3/106 [cane toad (14)]
 15700 | Lair:5   | Mangled by a dream sheep

Illustrated notes

Levels and vault maps discovered:
D:1:      dpeg_arrival_refuge, layout_loops_ring, minmay_worlds_worst_comb
D:2:      layout_loops_corners, basic_ecumenical_altar,
          kennysheep_generic_room_13
D:3:      layout_basic, mainiacjoe_overflow_paths, gammafunk_ghost_smash
D:4:      layout_basic, eino_small_chamber_without_monster
D:5:      layout_basic, cheibrodos_ashenzari_chains, kennysheep_little_box
D:6:      layout_loops_cross, zin_purify, nicolae_dithmenos_the_darkroom,
          minmay_temple_entry_glassed_door, uniq_eustachio
D:7:      layout_layer_cave, lemuel_round_altar
D:8:      layout_rooms, minmay_circle_x
D:9:      layout_basic, fedhas_bush_and_centaur_altar,
          minmay_fractal_squares_gapless_5
D:10:     layout_cave_pools, chequers_temple_overflow_statue_of_worship,
          erik_orc_1, nicolae_trove_entry_crystal, uniq_erolcha
D:11:     minmay_evil_eye, layout_loops_cross, david_lair_generic,
          minmay_stone_trees_small, serial_park_tiny_1, grunt_gozag_statues,
          uniq_grum, uniq_snorg, uniq_erica
D:12:     layout_loops_ring, uniq_nessos
D:13:     layout_irregular_city, david_vaults_3
Temple:   bh_familiar_temple
Lair:1:   layout_cave_pods, kennysheep_snail_temple, uniq_fannar
Lair:2:   layout_loops_ring, nicolae_swamp_entry_spooky, enter_volcano_4,
          minivault_19
Lair:3:   layout_long_grid, guppyfry_snake_entry_garden, lemuel_fruit_tree
Lair:4:   layout_cave_pods, slime_entry_1, gammafunk_ghost_necromancy,
          minmay_stone_trees_medium, uniq_kirke
Lair:5:   minmay_lair_end_frog_pond, layout_misc_corridors,
          kilobyte_rumbling_trees

Skill      XL: |  1  2  3  4  5  6  7  8  9 10 11 12 13 14 |
---------------+-------------------------------------------+-----
Short Blades   | 4 5 6 7 9 10 11 12 14 | 14.9
Stealth        | 1 2 3 5 6 8 9 10 12 13 14 | 14.4
Fighting       | 3 4 5 6 7 9 10 11 12 13 | 13.5
Dodging        | 5 6 7 8 9 11 12 13 15 16 | 16.1
Shields        | 2 5 7 |  7.5
Throwing       | |  2.2

Action                     |  1- 3 |  4- 6 |  7- 9 | 10-12 | 13-15 || total
---------------------------+-------+-------+-------+-------+-------++-------
  Melee: Rapier            |    75 |   164 |   273 |   623 |   676 ||  1811
         Punch             |       |     1 |     5 |    14 |       ||    20
         Tailslap          |       |       |       |       |     1 ||     1
  Throw: Throwing net      |       |       |     3 |     2 |       ||     5
         Javelin           |       |       |       |     1 |       ||     1
 Invoke: Ancestor Identity |       |       |     1 |       |       ||     1
         Ancestor Life: He |       |       |       |     1 |       ||     1
  Evoke: Wand              |       |       |    13 |    28 |     3 ||    44
         Condenser vane    |       |       |       |     1 |       ||     1
    Use: Scroll            |    12 |     3 |     9 |    14 |    14 ||    52
         Potion            |       |       |     1 |     2 |     4 ||     7
   Stab: Sleeping          |     5 |    12 |    10 |     5 |    20 ||    52
         Distracted        |       |     1 |       |     8 |    13 ||    22
         Held in net/web   |       |       |     2 |       |       ||     2
         Confused          |       |       |       |    10 |    13 ||    23
         Paralysed         |       |       |       |     3 |       ||     3
         Invisible         |       |       |       |       |     1 ||     1
 Armour: Leather armour    |    14 |    46 |   137 |   147 |    66 ||   410
         Robe              |       |       |       |       |    20 ||    20
  Dodge: Dodged            |    58 |   125 |   291 |   546 |   351 ||  1371
  Block: Kite shield       |       |       |       |       |   324 ||   324

Table legend: (Time is in decaauts)
 A = Elapsed time spent in this place.
 B = Non-inter-level travel time spent in this place.
 C = Inter-level travel time spent in this place.
 D = Time resting spent in this place.
 E = Time spent auto-exploring this place.
 F = Levels seen in this place.
 G = Mean time per level.
                   A        B        C        D        E       F      G
               +--------+--------+--------+--------+--------+-----+--------+
         Total |  15254 |  14538 |    716 |    519 |  10812 |  20 |  762.7 |
       Dungeon |  10186 |   9605 |    581 |    468 |   7102 |  13 |  783.5 |
        Temple |    222 |    172 |     50 |      0 |    169 |   1 |  222.0 |
          Lair |   4547 |   4463 |     84 |     51 |   3510 |   5 |  909.4 |
       Volcano |    297 |    297 |      0 |      0 |     31 |   1 |  297.0 |
               +--------+--------+--------+--------+--------+-----+--------+

Top non-repeatable levels by time:
  Lair:4: 1587 daAuts
     D:7: 1163 daAuts
  Lair:1: 1130 daAuts
    D:12: 1063 daAuts
  Lair:2: 905 daAuts
    D:11: 892 daAuts
  Lair:3: 872 daAuts
     D:2: 852 daAuts
     D:4: 847 daAuts
     D:9: 817 daAuts
    D:10: 751 daAuts
     D:6: 746 daAuts
     D:3: 713 daAuts
     D:1: 689 daAuts
     D:5: 660 daAuts
